[Event "29. Klatovy A 2023"]
[Site "Klatovy"]
[Date "2023.07.03"]
[Round "3.15"]
[White "Ret, Adam Josef"]
[Black "Mametev, Artem"]
[Result "1-0"]
[ECO "E67"]
[WhiteElo "2133"]
[BlackElo "1991"]
[PlyCount "173"]
[EventDate "2023.07.01"]
[EventType "swiss"]
[EventRounds "9"]
[EventCountry "CZE"]
[TimeControl "120+30"]

1. c4 Nf6 2. g3 g6 3. Bg2 Bg7 4. Nc3 O-O 5. Nf3 d6 6. d4 Nbd7 7. O-O e5 8. e3 c6 9. b3 Re8 10. Bb2 Qe7 11. Qc2 a6 12. Ba3 Rb8 13. Rad1 c5 14. dxe5 Nxe5 15. Nxe5 Qxe5 16. Bb2 Qe7 17. Rd2 Bf5 18. Qd1 Rbd8 19. Qa1 Be6 20. Ne2 Nh5 21. Bxg7 Nxg7 22. Bf3 b5 23. cxb5 axb5 24. Nc3 b4 25. Ne4 Kh8 26. Rfd1 Bg4 27. Bxg4 Qxe4 28. Bh3 Qe7 29. a3 bxa3 30. Qxa3 Ne6 31. Qa6 Ng5 32. Bg2 Ne4 33. Bxe4 Qxe4 34. Rxd6 Rxd6 35. Qxd6 c4 36. bxc4 Qxc4 37. Qd4+ Qxd4 38. exd4 Kg7 39. Kg2 Kf6 40. Rd3 Ra8 41. Kf3 Ke6 42. Re3+ Kd6 43. g4 Ra4 44. Ke4 f5+ 45. gxf5 gxf5+ 46. Kxf5 Rxd4 47. Rh3 Rd5+ 48. Kg4 Ke6 49. Rxh7 Kf6 50. f4 Kg6 51. Rc7 Rg5+ 52. Kf3 Rb5 53. Rc8 Kf5 54. Rf8+ Kg6 55. Kg4 Rb2 56. h3 Rg2+ 57. Kf3 Ra2 58. Rg8+ Kf6 59. Rg2 Ra3+ 60. Kg4 Ra7 61. Rd2 Rg7+ 62. Kf3 Rh7 63. Rh2 Kf5 64. h4 Ra7 65. Re2 Ra1 66. Re5+ Kf6 67. Kg4 Rg1+ 68. Kh5 Rf1 69. Re4 Kf5 70. Re8 Kf6 71. Kh6 Kf7 72. Re4 Rb1 73. h5 Kf6 74. Ra4 Rb6 75. Ra5 Rb7 76. Rg5 Rb4 77. Rg8 Kf7 78. Rg4 Kf6 79. Kh7 Kf5 80. Rg7 Kxf4 81. h6 Kf5 82. Rf7+ Ke6 83. Kg7 Rg4+ 84. Kf8 Rh4 85. h7 Rh1 86. Kg8 Rh2 87. Rg7 1-0

[Event "29. Klatovy A 2023"]
[Site "Klatovy"]
[Date "2023.07.03"]
[Round "3.16"]
[White "Pycha, Patrik"]
[Black "Roubal, Matyas"]
[Result "1-0"]
[ECO "B31"]
[WhiteElo "2058"]
[BlackElo "1886"]
[PlyCount "103"]
[EventDate "2023.07.01"]
[EventType "swiss"]
[EventRounds "9"]
[EventCountry "CZE"]
[TimeControl "120+30"]

1. e4 c5 2. Nf3 Nc6 3. Bb5 g6 4. Bxc6 bxc6 5. O-O Bg7 6. Re1 Nh6 7. c3 O-O 8. d4 cxd4 9. cxd4 d5 10. e5 f6 11. e6 Nf5 12. Nc3 Nd6 13. b3 f5 14. Ne5 Qe8 15. Na4 Nb7 16. Ba3 Bxe6 17. Rc1 Rc8 18. Nf3 Nd8 19. Rc2 Rf6 20. Qc1 Rc7 21. Rce2 Bf8 22. Qf4 Qd7 23. Nc5 Qc8 24. Nxe6 Nxe6 25. Rxe6 Rxe6 26. Rxe6 Qxe6 27. Qxc7 Qe2 28. Qe5 Qxa2 29. Qe6+ Kg7 30. Bc5 Qxb3 31. h4 Qb1+ 32. Kh2 Qe4 33. Qxc6 Qf4+ 34. Kh1 Qc1+ 35. Ng1 Qf4 36. g3 Qxf2 37. Qc7 Kf7 38. Qe5 Ke8 39. Bxa7 Bh6 40. Bc5 Bf8 41. Ba3 Qa2 42. Bc1 Kf7 43. Nf3 h6 44. h5 Qb3 45. hxg6+ Ke8 46. Qe2 Qb1 47. Qd1 Qe4 48. Bf4 e5 49. Bxe5 Ke7 50. g7 Qg4 51. gxf8=Q+ Kxf8 52. Kg2 1-0

[Event "29. Klatovy A 2023"]
[Site "Klatovy"]
[Date "2023.07.03"]
[Round "3.17"]
[White "Stary, Vojtech"]
[Black "Pecka, Jan"]
[Result "1-0"]
[ECO "B33"]
[WhiteElo "1822"]
[BlackElo "2054"]
[PlyCount "71"]
[EventDate "2023.07.01"]
[EventType "swiss"]
[EventRounds "9"]
[EventCountry "CZE"]
[TimeControl "120+30"]

1. e4 c5 2. Nf3 Nc6 3. d4 cxd4 4. Nxd4 Nf6 5. Nc3 e5 6. Ndb5 d6 7. Bg5 a6 8. Na3 b5 9. Nd5 Be7 10. Bxf6 Bxf6 11. c3 O-O 12. Nc2 Rb8 13. a4 bxa4 14. Rxa4 a5 15. b4 axb4 16. cxb4 Bg5 17. Be2 Kh8 18. O-O f5 19. b5 Ne7 20. Ncb4 Bb7 21. Nxe7 Bxe7 22. Nc6 Bxc6 23. bxc6 Rb2 24. exf5 d5 25. Ba6 Rb6 26. Bb7 d4 27. Ra8 Qc7 28. Qa4 Rxb7 29. cxb7 Qxb7 30. Rxf8+ Bxf8 31. Qe8 Qe7 32. Qxe7 Bxe7 33. Re1 Bf6 34. f4 e4 35. Rxe4 Kg8 36. g4 1-0

[Event "29. Klatovy A 2023"]
[Site "Klatovy"]
[Date "2023.07.03"]
[Round "3.18"]
[White "Zhang, Michelle 2013"]
[Black "Novotny, David"]
[Result "1/2-1/2"]
[ECO "B34"]
[WhiteElo "1724"]
[BlackElo "2034"]
[PlyCount "60"]
[EventDate "2023.07.01"]
[EventType "swiss"]
[EventRounds "9"]
[EventCountry "CZE"]
[TimeControl "120+30"]

1. e4 c5 2. Nf3 Nc6 3. d4 cxd4 4. Nxd4 g6 5. Nc3 Bg7 6. Be3 Nf6 7. Be2 O-O 8. O-O d5 9. exd5 Nb4 10. Qd2 Nbxd5 11. Nxd5 Nxd5 12. Rad1 Nxe3 13. Qxe3 Qb6 14. b3 a6 15. c4 Qf6 16. Bf3 Rb8 17. Rfe1 Rd8 18. Nc2 Rxd1 19. Rxd1 Be6 20. Nb4 Qc3 21. Qxc3 Bxc3 22. Nd5 Bxd5 23. Rxd5 Kf8 24. Rd7 b6 25. Kf1 a5 26. Ke2 Rc8 27. Kd3 Be1 28. Ke2 Bb4 29. h4 Ke8 30. Rd5 Rd8 1/2-1/2

[Event "29. Klatovy A 2023"]
[Site "Klatovy"]
[Date "2023.07.01"]
[Round "1.18"]
[White "Folk, Petr"]
[Black "Roubal, Matyas"]
[Result "1/2-1/2"]
[ECO "B35"]
[WhiteElo "2135"]
[BlackElo "1886"]
[PlyCount "105"]
[EventDate "2023.07.01"]
[EventType "swiss"]
[EventRounds "9"]
[EventCountry "CZE"]
[TimeControl "120+30"]

1. e4 c5 2. Nf3 Nc6 3. d4 cxd4 4. Nxd4 g6 5. Nc3 Bg7 6. Be3 Nf6 7. Bc4 O-O 8. Bb3 Re8 9. O-O d6 10. h3 Na5 11. f4 Nxb3 12. axb3 b6 13. Nf3 Bb7 14. Qd3 e5 15. fxe5 dxe5 16. Qxd8 Rexd8 17. Nxe5 Re8 18. Nc4 Nxe4 19. Nb5 Be5 20. Nxe5 Rxe5 21. Rxa7 Rxa7 22. Nxa7 Ng3 23. Re1 Nf5 24. Bf2 Rxe1+ 25. Bxe1 Ne3 26. c4 Nxg2 27. Bf2 Nf4 28. Kh2 Kf8 29. Bxb6 Ke7 30. Nb5 Nd3 31. Bd4 f5 32. Nc3 f4 33. h4 Ke6 34. Nd1 Kf5 35. Nf2 Nxf2 36. Bxf2 Ke4 37. b4 Kd3 38. b3 Ke2 39. Kg1 h6 40. b5 g5 41. hxg5 hxg5 42. c5 g4 43. c6 Ba8 44. Kg2 g3 45. Bg1 Kd3 46. Kf3 Kc3 47. Kxf4 Kb4 48. c7 Bb7 49. b6 Kb5 50. Kxg3 Kc6 51. Kf4 Bc8 52. Ke5 Kb7 53. Kd6 1/2-1/2

[Event "29. Klatovy A 2023"]
[Site "Klatovy"]
[Date "2023.07.04"]
[Round "4.1"]
[White "Vorisek, Jaroslav"]
[Black "Slovak, Kilian"]
[Result "1/2-1/2"]
[ECO "E60"]
[WhiteElo "2260"]
[BlackElo "2297"]
[PlyCount "102"]
[EventDate "2023.07.01"]
[EventType "swiss"]
[EventRounds "9"]
[EventCountry "CZE"]
[TimeControl "120+30"]

1. d4 Nf6 2. Nf3 g6 3. g3 Bg7 4. Bg2 O-O 5. c4 d6 6. O-O Bf5 7. Nh4 Be4 8. f3 Bc6 9. e4 e5 10. Be3 Bd7 11. Qd2 Nh5 12. Nc3 Nc6 13. d5 Nb8 14. Bh6 a5 15. Rf2 Na6 16. Bf1 Nc5 17. Be2 Nf4 18. Bxg7 Nh3+ 19. Kg2 Kxg7 20. Rff1 Ng5 21. Kh1 h6 22. Bd3 c6 23. Bc2 cxd5 24. Nxd5 b5 25. Qe3 Nge6 26. Nf5+ gxf5 27. exf5 f6 28. fxe6 Bxe6 29. b3 bxc4 30. bxc4 Rb8 31. Rab1 Bxd5 32. cxd5 Rxb1 33. Rxb1 Qa8 34. Qd2 Qa6 35. Bf5 Rf7 36. Kg2 a4 37. Rb4 e4 38. Bxe4 Rb7 39. Rxb7+ Qxb7 40. Bf5 a3 41. Kh3 Qf7 42. Kh4 Qb7 43. Qd4 Qb2 44. Qg4+ Kf8 45. Qg6 Qxh2+ 46. Bh3 Qb2 47. Qxh6+ Kf7 48. Qh7+ Kf8 49. Qh8+ Kf7 50. Qh5+ Kf8 51. Qh6+ Kf7 1/2-1/2

[Event "29. Klatovy A 2023"]
[Site "Klatovy"]
[Date "2023.07.04"]
[Round "4.2"]
[White "Filindash, Nikita"]
[Black "Neuman, Petr"]
[Result "0-1"]
[ECO "E94"]
[WhiteElo "2011"]
[BlackElo "2398"]
[PlyCount "108"]
[EventDate "2023.07.01"]
[EventType "swiss"]
[EventRounds "9"]
[EventCountry "CZE"]
[TimeControl "120+30"]

1. d4 Nf6 2. c4 g6 3. Nc3 Bg7 4. e4 O-O 5. Nf3 d6 6. Be2 e5 7. O-O Na6 8. Be3 Ng4 9. Bg5 Qe8 10. dxe5 dxe5 11. h3 h6 12. Bd2 Nf6 13. Be3 Qe7 14. Nd5 Qd8 15. Qc2 c6 16. Nc3 Qe7 17. Rad1 Nh5 18. Qd2 Kh7 19. Ne1 Nf4 20. Bxf4 exf4 21. Nd3 g5 22. Bf3 Nc5 23. Rfe1 Nxd3 24. Qxd3 Be5 25. Nd5 Qc5 26. b4 Qd6 27. c5 Qg6 28. Ne7 Qf6 29. Nxc8 Rfxc8 30. Qd7 Rc7 31. Qf5+ Kg7 32. Rd3 a5 33. Ra3 Qxf5 34. exf5 Kf6 35. Be4 Rd7 36. b5 Rd2 37. bxc6 bxc6 38. Bf3 Bd4 39. Re2 Rxe2 40. Bxe2 Kxf5 41. Bf3 Ke5 42. Rd3 Ra6 43. Rd1 Bxc5 44. Rc1 Kd6 45. Rd1+ Kc7 46. Rc1 Bd4 47. Rc2 Kd6 48. Be4 Rb6 49. Kf1 c5 50. Ke2 Ke5 51. f3 a4 52. Kd3 f5 53. Ba8 a3 54. Kc4 Kd6 0-1

[Event "29. Klatovy A 2023"]
[Site "Klatovy"]
[Date "2023.07.04"]
[Round "4.3"]
[White "Horak, Martin"]
[Black "Janous, Marek"]
[Result "1-0"]
[ECO "B67"]
[WhiteElo "2266"]
[BlackElo "2185"]
[PlyCount "41"]
[EventDate "2023.07.01"]
[EventType "swiss"]
[EventRounds "9"]
[EventCountry "CZE"]
[TimeControl "120+30"]

1. e4 c5 2. Nf3 Nc6 3. d4 cxd4 4. Nxd4 Nf6 5. Nc3 d6 6. Bg5 e6 7. Qd2 a6 8. O-O-O Bd7 9. Kb1 Be7 10. f3 Nxd4 11. Qxd4 Qa5 12. h4 Rc8 13. g4 O-O 14. Qd2 Qc7 15. e5 dxe5 16. Bxf6 Bxf6 17. Qxd7 Qb6 18. Qd6 Rc6 19. Qa3 Qf2 20. Bd3 Rb6 21. g5 1-0

[Event "29. Klatovy A 2023"]
[Site "Klatovy"]
[Date "2023.07.04"]
[Round "4.4"]
[White "Jurek, Josef"]
[Black "Jun, Rudolf"]
[Result "1/2-1/2"]
[ECO "A06"]
[WhiteElo "2251"]
[BlackElo "2223"]
[PlyCount "44"]
[EventDate "2023.07.01"]
[EventType "swiss"]
[EventRounds "9"]
[EventCountry "CZE"]
[TimeControl "120+30"]

1. Nf3 d5 2. e3 c5 3. b3 Nf6 4. Bb2 Nc6 5. Bb5 Bd7 6. O-O a6 7. Bxc6 Bxc6 8. d3 g6 9. Ne5 Bg7 10. Nxc6 bxc6 11. Nd2 O-O 12. Qe2 Qd6 13. Nf3 Nd7 14. Bxg7 Kxg7 15. c4 e5 16. cxd5 cxd5 17. e4 f5 18. exd5 Qxd5 19. Rac1 a5 20. Qc2 Rfb8 21. Qc4 Qxc4 22. Rxc4 Kf6 1/2-1/2

[Event "29. Klatovy A 2023"]
[Site "Klatovy"]
[Date "2023.07.04"]
[Round "4.5"]
[White "Straka, Vojtech"]
[Black "Ret, Adam Josef"]
[Result "1-0"]
[ECO "D31"]
[WhiteElo "2433"]
[BlackElo "2133"]
[PlyCount "93"]
[EventDate "2023.07.01"]
[EventType "swiss"]
[EventRounds "9"]
[EventCountry "CZE"]
[TimeControl "120+30"]

1. d4 d5 2. c4 e6 3. Nc3 a6 4. cxd5 exd5 5. Nf3 c6 6. Qc2 Bd6 7. Bg5 f6 8. Bh4 Ne7 9. e3 Bf5 10. Bd3 Qd7 11. O-O-O Bxd3 12. Qxd3 Qf5 13. e4 dxe4 14. Nxe4 Bf4+ 15. Kb1 O-O 16. g3 Bc7 17. g4 Qb5 18. Qc2 Nd7 19. Bg3 Nd5 20. Nc5 Nxc5 21. dxc5 Rfe8 22. Rxd5 cxd5 23. Bxc7 Re2 24. a4 Rxc2 25. axb5 Rxc5 26. b6 Kf7 27. Re1 Rc4 28. h3 a5 29. Rd1 a4 30. Rxd5 a3 31. bxa3 Rxa3 32. Nd2 Rc6 33. Ne4 Rb3+ 34. Ka2 Rb4 35. Rc5 Re6 36. f3 g5 37. Rc3 Kg6 38. Rb3 Rc4 39. Kb2 Rec6 40. Rc3 Rb4+ 41. Kc2 Re6 42. Nc5 Rexb6 43. Bxb6 Rxb6 44. Nd7 Rd6 45. Rc7 Rc6+ 46. Rxc6 bxc6 47. Nb8 1-0

[Event "29. Klatovy A 2023"]
[Site "Klatovy"]
[Date "2023.07.04"]
[Round "4.6"]
[White "Hurdzan, Tomas"]
[Black "Pycha, Patrik"]
[Result "1-0"]
[ECO "C42"]
[WhiteElo "2309"]
[BlackElo "2058"]
[PlyCount "93"]
[EventDate "2023.07.01"]
[EventType "swiss"]
[EventRounds "9"]
[EventCountry "CZE"]
[TimeControl "120+30"]

1. e4 e5 2. Nf3 Nf6 3. Nc3 Bb4 4. Nxe5 O-O 5. Be2 Re8 6. Nd3 Bxc3 7. dxc3 Nxe4 8. Nf4 Nc6 9. O-O d6 10. Re1 Nc5 11. c4 Bf5 12. Nd5 a5 13. b3 Re6 14. Be3 Nb4 15. Nxb4 axb4 16. Qd2 Qe7 17. Bf3 Re8 18. Qxb4 Bxc2 19. Qc3 Bg6 20. Rf1 Ne4 21. Qb2 h5 22. a4 h4 23. h3 c6 24. a5 Ng5 25. Bxg5 Qxg5 26. Qd4 Bf5 27. Kh1 Rf6 28. Qc3 Qf4 29. Qc1 Qd4 30. Qd1 Qc3 31. a6 bxa6 32. Bxc6 Re5 33. Rc1 Qb2 34. Bf3 Ra5 35. Qe1 Ra2 36. Qc3 Qa3 37. Ra1 a5 38. Kg1 a4 39. Rxa2 Qxa2 40. bxa4 Qxa4 41. Ra1 Qc2 42. Qd4 Qd3 43. Qxh4 Rh6 44. Qf4 Re6 45. Bd5 Rf6 46. Qh4 g5 47. Ra8+ 1-0

[Event "29. Klatovy A 2023"]
[Site "Klatovy"]
[Date "2023.07.04"]
[Round "4.7"]
[White "Jordanov, Mihail"]
[Black "Flajsman, Pavel"]
[Result "1/2-1/2"]
[ECO "C77"]
[WhiteElo "2140"]
[BlackElo "2192"]
[PlyCount "64"]
[EventDate "2023.07.01"]
[EventType "swiss"]
[EventRounds "9"]
[EventCountry "CZE"]
[TimeControl "120+30"]

1. e4 e5 2. Nf3 Nc6 3. Bb5 a6 4. Ba4 Nf6 5. d3 Bc5 6. Bxc6 dxc6 7. Nbd2 Qe7 8. Nc4 Nd7 9. O-O O-O 10. Ne3 Bxe3 11. Bxe3 c5 12. Qd2 Re8 13. Qc3 a5 14. a3 a4 15. Nd2 b6 16. b4 axb3 17. cxb3 Nf6 18. b4 cxb4 19. axb4 Ba6 20. Qb3 Qd7 21. Nc4 h6 22. h3 Bxc4 23. Qxc4 Rxa1 24. Rxa1 Re6 25. Rc1 Ne8 26. f4 Rd6 27. Rc3 exf4 28. Bxf4 Rd4 29. Qb3 Qb5 30. Rc4 Qd7 31. Rc3 Qb5 32. Rc4 Qd7 1/2-1/2

[Event "29. Klatovy A 2023"]
[Site "Klatovy"]
[Date "2023.07.04"]
[Round "4.8"]
[White "Dvorak, Jan"]
[Black "Hladky, Tadeas"]
[Result "1/2-1/2"]
[ECO "D12"]
[WhiteElo "2176"]
[BlackElo "2046"]
[PlyCount "93"]
[EventDate "2023.07.01"]
[EventType "swiss"]
[EventRounds "9"]
[EventCountry "CZE"]
[TimeControl "120+30"]

1. d4 d5 2. c4 c6 3. Nf3 Nf6 4. e3 Bf5 5. Nc3 e6 6. Nh4 Bg4 7. Qb3 Qb6 8. c5 Qc7 9. h3 Bh5 10. g4 Bg6 11. Nxg6 hxg6 12. Bg2 b6 13. cxb6 axb6 14. Bd2 Be7 15. Rc1 Nbd7 16. e4 dxe4 17. Nxe4 Nd5 18. O-O O-O 19. f4 N7f6 20. Ng5 Qd7 21. Nf3 c5 22. Ne5 Qa4 23. Qxa4 Rxa4 24. g5 Nh5 25. Nc4 Rb8 26. a3 cxd4 27. Ne5 Ne3 28. Rf2 Bd6 29. Bc6 Bxe5 30. fxe5 b5 31. Rc5 Nd1 32. Rf3 Rc4 33. Rxb5 Rxb5 34. Bxb5 Rc2 35. Rd3 Rxb2 36. a4 Nc3 37. Bxc3 dxc3 38. Rxc3 Nf4 39. Ra3 Kf8 40. Bc6 Ne2+ 41. Kf1 Nd4 42. Be4 Rb3 43. Rxb3 Nxb3 44. Ke2 Ke7 45. Bd3 Nc5 46. Bb5 f6 47. exf6+ 1/2-1/2

[Event "29. Klatovy A 2023"]
[Site "Klatovy"]
[Date "2023.07.04"]
[Round "4.9"]
[White "Zadrapa, Radek"]
[Black "Soural, Jan"]
[Result "0-1"]
[ECO "B30"]
[WhiteElo "2014"]
[BlackElo "2176"]
[PlyCount "124"]
[EventDate "2023.07.01"]
[EventType "swiss"]
[EventRounds "9"]
[EventCountry "CZE"]
[TimeControl "120+30"]

1. e4 c5 2. Nf3 g6 3. Nc3 Bg7 4. Bc4 Nc6 5. O-O d6 6. d3 Nf6 7. h3 O-O 8. Bg5 h6 9. Be3 Na5 10. Qd2 Kh7 11. Rad1 b6 12. e5 dxe5 13. Nxe5 e6 14. Qe2 Bb7 15. d4 Nxc4 16. dxc5 Nxe5 17. Rxd8 Rfxd8 18. cxb6 axb6 19. Bxb6 Rd5 20. Nxd5 Nxd5 21. Bd4 Ba6 22. Qd1 Bxf1 23. Kxf1 Rxa2 24. g3 Ra8 25. b3 Nc6 26. Bxg7 Kxg7 27. Qb1 Ncb4 28. Qb2+ Kh7 29. c4 Nd3 30. Qd4 N5b4 31. f4 h5 32. Qf6 Kg8 33. Kg2 Ra2+ 34. Kf3 Nc6 35. Ke3 Ndb4 36. Kf3 Rd2 37. g4 Rd3+ 38. Kg2 hxg4 39. hxg4 Rxb3 40. Qa1 Rd3 41. Qa8+ Rd8 42. Qa4 Rd4 43. Kg3 Rxc4 44. Qa8+ Kg7 45. Qa1+ Rd4 46. g5 Nd5 47. Qc1 Nce7 48. Qa1 Nf5+ 49. Kf3 Nxf4 50. Qa7 Nh3 51. Qa1 Nxg5+ 52. Ke2 Ne4 53. Kf3 g5 54. Qa5 Kg6 55. Qa8 Nf6 56. Qb7 Rd3+ 57. Kf2 g4 58. Qb1 Rd2+ 59. Kg1 g3 60. Qc1 Rf2 61. Qc7 Ne4 62. Qb7 Ng5 0-1

[Event "29. Klatovy A 2023"]
[Site "Klatovy"]
[Date "2023.07.04"]
[Round "4.10"]
[White "Skypala, Ondrej"]
[Black "Stary, Vojtech"]
[Result "1-0"]
[ECO "A36"]
[WhiteElo "2163"]
[BlackElo "1822"]
[PlyCount "129"]
[EventDate "2023.07.01"]
[EventType "swiss"]
[EventRounds "9"]
[EventCountry "CZE"]
[TimeControl "120+30"]

1. e4 c5 2. c4 Nc6 3. Nc3 g6 4. g3 Bg7 5. Bg2 d6 6. Nge2 e5 7. d3 Nge7 8. Rb1 O-O 9. h4 h6 10. Be3 Nd4 11. O-O f5 12. Qd2 Kh7 13. b4 Nec6 14. Nd5 Rb8 15. f4 Be6 16. fxe5 Nxe2+ 17. Qxe2 Bxe5 18. Nf4 Nd4 19. Bxd4 Bxd4+ 20. Kh2 Qd7 21. h5 g5 22. Ng6 Rfe8 23. Bh3 f4 24. Bxe6 fxg3+ 25. Kxg3 Qxe6 26. Qg4 Be5+ 27. Kh3 Kg7 28. Rf5 b6 29. Rbf1 Rb7 30. Kg2 cxb4 31. Qf3 Bf4 32. Nxf4 gxf4 33. Qxf4 Rg8 34. Rf6 Kh8+ 35. Kf3 Qh3+ 36. Ke2 Qxh5+ 37. Ke3 Rh7 38. Rxd6 Qg5 39. e5 Qxf4+ 40. Rxf4 h5 41. Rh4 Rg2 42. e6 Rg5 43. d4 a5 44. Rxb6 Re7 45. d5 Kg7 46. Rd6 Kf6 47. Ra6 Rg3+ 48. Kf2 Ra3 49. Rxh5 Rxa2+ 50. Ke3 b3 51. Rb6 a4 52. Kd4 Rd2+ 53. Kc5 b2 54. Rh3 Rc7+ 55. Kd6 Rxc4 56. e7 Re4 57. Kd7+ Kf5 58. d6 Rxd6+ 59. Kxd6 Re6+ 60. Kd5 Rxb6 61. e8=Q b1=Q 62. Qe5+ Kg6 63. Rg3+ Kf7 64. Rg7+ Kf8 65. Qe7# 1-0

[Event "29. Klatovy A 2023"]
[Site "Klatovy"]
[Date "2023.07.04"]
[Round "4.11"]
[White "Polak, Michal 2002"]
[Black "Kupsa, Matej 2001"]
[Result "1/2-1/2"]
[ECO "B04"]
[WhiteElo "1959"]
[BlackElo "2145"]
[PlyCount "199"]
[EventDate "2023.07.01"]
[EventType "swiss"]
[EventRounds "9"]
[EventCountry "CZE"]
[TimeControl "120+30"]

1. e4 Nf6 2. e5 Nd5 3. d4 d6 4. Nf3 dxe5 5. dxe5 Nc6 6. Bc4 Nb6 7. Qxd8+ Nxd8 8. Bb3 Nc6 9. Be3 Bg4 10. Nbd2 e6 11. h3 Bh5 12. O-O O-O-O 13. Rfe1 Be7 14. c3 Nd5 15. Bc2 Nxe3 16. Rxe3 Bg6 17. Bxg6 hxg6 18. Nb3 Rd7 19. Kf1 Rhd8 20. Ke2 Rd5 21. Rc1 Na5 22. Re4 Nxb3 23. axb3 Rb5 24. Nd2 Ra5 25. Rb1 b5 26. Nf3 c6 27. Rf4 Rf8 28. Rd1 Ra2 29. Rd2 a5 30. Kd1 Kc7 31. Kc2 Ra1 32. Rd1 Rxd1 33. Kxd1 g5 34. Re4 Rd8+ 35. Ke2 Kb6 36. Rg4 f6 37. Rd4 Rd5 38. c4 Rxd4 39. Nxd4 Kc5 40. Kd3 fxe5 41. Nxe6+ Kb4 42. cxb5 cxb5 43. Kc2 e4 44. Nd4 Bf6 45. Nc6+ Kc5 46. Nxa5 Bd4 47. b4+ Kd5 48. f3 e3 49. Kd3 Bxb2 50. Kxe3 Bc3 51. Kd3 Bxb4 52. Nb3 Be7 53. g3 Bd6 54. h4 gxh4 55. gxh4 g6 56. Kc3 b4+ 57. Kd3 Be7 58. Nc1 Bxh4 59. Ne2 Bg5 60. Ng3 Bf6 61. Ne2 Be5 62. Nc1 Bc7 63. Ne2 Bd6 64. Nc1 Be5 65. Nb3 Bc3 66. Nc1 Ke5 67. Ne2 Be1 68. Kc4 Kf5 69. Kd3 Bc3 70. Nc1 Kf4 71. Ke2 Ke5 72. Kd3 Kd5 73. Ne2 Be5 74. Nc1 g5 75. Nb3 Bb2 76. Nd2 Bf6 77. Nb3 Be7 78. Nc1 Kc5 79. Nb3+ Kb5 80. Nd4+ Ka4 81. Kc4 Ka3 82. Nc2+ Ka4 83. Nd4 Bf6 84. Nb3 Bc3 85. Nc5+ Ka3 86. Nd3 Bd2 87. Nc5 Be1 88. Nb3 Kb2 89. Nd4 Bc3 90. Ne6 Kc2 91. Nc5 Be1 92. Nd3 Bd2 93. Nc5 Bc3 94. Ne4 Be1 95. Nc5 Kd2 96. Ne4+ Kc1 97. Nxg5 Kc2 98. Ne6 Bf2 99. Kxb4 Kd3 100. f4 1/2-1/2

[Event "29. Klatovy A 2023"]
[Site "Klatovy"]
[Date "2023.07.04"]
[Round "4.12"]
[White "Kopta, Pavel"]
[Black "Folkova, Martina"]
[Result "1/2-1/2"]
[ECO "D59"]
[WhiteElo "2209"]
[BlackElo "2049"]
[PlyCount "65"]
[EventDate "2023.07.01"]
[EventType "swiss"]
[EventRounds "9"]
[EventCountry "CZE"]
[TimeControl "120+30"]

1. d4 d5 2. c4 e6 3. Nc3 Nf6 4. Bg5 Be7 5. e3 h6 6. Bh4 O-O 7. Nf3 b6 8. Rc1 Bb7 9. cxd5 Nxd5 10. Bxe7 Qxe7 11. Bc4 Nf6 12. O-O Nbd7 13. Qe2 c5 14. Rfd1 Rfd8 15. Ba6 Bxa6 16. Qxa6 cxd4 17. Nxd4 Nc5 18. Qe2 a5 19. Qf3 Rac8 20. h3 e5 21. Nf5 Qe6 22. e4 Kh7 23. Ng3 g6 24. Nd5 Kg7 25. Nxf6 Qxf6 26. Qg4 Qg5 27. Qxg5 hxg5 28. Kf1 Kf6 29. f3 Ke7 30. Ne2 Rxd1+ 31. Rxd1 Rd8 32. Rxd8 Kxd8 33. Nc3 1/2-1/2

[Event "29. Klatovy A 2023"]
[Site "Klatovy"]
[Date "2023.07.04"]
[Round "4.13"]
[White "Flajsman, Petr"]
[Black "Formanek, Martin"]
[Result "1-0"]
[ECO "E60"]
[WhiteElo "1956"]
[BlackElo "2206"]
[PlyCount "67"]
[EventDate "2023.07.01"]
[EventType "swiss"]
[EventRounds "9"]
[EventCountry "CZE"]
[TimeControl "120+30"]

1. d4 Nf6 2. Nf3 g6 3. b3 Bg7 4. Bb2 O-O 5. c4 d6 6. e3 Nbd7 7. Be2 c6 8. Qc2 Re8 9. Nc3 e5 10. O-O-O a6 11. dxe5 dxe5 12. Ng5 Qa5 13. a3 Nf8 14. Bd3 b5 15. b4 Qb6 16. c5 Qc7 17. Nge4 Be6 18. Nxf6+ Bxf6 19. Ne4 Bg7 20. Nd6 Red8 21. e4 a5 22. Bc3 axb4 23. Bxb4 Ra4 24. Qb2 Rda8 25. Bc2 R4a6 26. Rd3 Bc4 27. Rf3 Qe7 28. Bb3 Qg5+ 29. Kc2 Qxg2 30. Rxf7 Qxh1 31. Rxg7+ Kxg7 32. Qxe5+ Kg8 33. Bxc4+ bxc4 34. Bc3 1-0

[Event "29. Klatovy A 2023"]
[Site "Klatovy"]
[Date "2023.07.04"]
[Round "4.14"]
[White "Munk, Petr"]
[Black "Stary, Lukas"]
[Result "1-0"]
[ECO "E92"]
[WhiteElo "2096"]
[BlackElo "1921"]
[PlyCount "71"]
[EventDate "2023.07.01"]
[EventType "swiss"]
[EventRounds "9"]
[EventCountry "CZE"]
[TimeControl "120+30"]

1. e4 g6 2. c4 d6 3. d4 Bg7 4. Nf3 Nf6 5. Nc3 O-O 6. Be2 e5 7. d5 a5 8. Be3 Na6 9. Nd2 Ne8 10. O-O f5 11. f3 f4 12. Bf2 g5 13. a3 Bd7 14. Rb1 Nf6 15. b4 axb4 16. axb4 Rf7 17. c5 Bf8 18. c6 Bc8 19. Ra1 g4 20. fxg4 b5 21. h3 Rg7 22. Bxb5 h5 23. Be2 hxg4 24. hxg4 Bxg4 25. Bh4 Nxe4 26. Bxd8 Nxc3 27. Bxg4 Nxd1 28. Be6+ Kh7 29. Rfxd1 Rxd8 30. Rxa6 Rb8 31. Rb1 Be7 32. b5 Bd8 33. Bf5+ Kh6 34. Be4 Rg3 35. Bf3 Kg7 36. Ra7 1-0

[Event "29. Klatovy A 2023"]
[Site "Klatovy"]
[Date "2023.07.04"]
[Round "4.15"]
[White "Sedmihradsky, Tomas"]
[Black "Palek, Miroslav"]
[Result "0-1"]
[ECO "A44"]
[WhiteElo "1775"]
[BlackElo "2091"]
[PlyCount "78"]
[EventDate "2023.07.01"]
[EventType "swiss"]
[EventRounds "9"]
[EventCountry "CZE"]
[TimeControl "120+30"]

1. d4 c5 2. d5 e5 3. c4 d6 4. Nc3 Be7 5. e4 Bg5 6. Bxg5 Qxg5 7. Nf3 Qd8 8. Qa4+ Bd7 9. Qb3 b6 10. Nb5 Bxb5 11. Qxb5+ Qd7 12. Qb3 Na6 13. O-O-O Nf6 14. Re1 O-O 15. g3 Rfb8 16. a4 Nc7 17. Kd2 a6 18. Qc2 b5 19. Ra1 bxa4 20. Bd3 Rb4 21. Rhb1 Rab8 22. Nh4 g6 23. Ra2 Qh3 24. Bf1 Qd7 25. Ra3 Nfe8 26. Kc1 Ng7 27. Qe2 Nce8 28. f4 Qe7 29. Ng2 Nf6 30. Ne1 exf4 31. Nc2 Rb3 32. gxf4 Qxe4 33. Qxe4 Nxe4 34. Rxa4 Nc3 35. Rxa6 Nxb1 36. Rxd6 Rxb2 37. Bh3 Nc3 38. Rc6 Ne4 39. Na3 Rxh2 0-1

[Event "29. Klatovy A 2023"]
[Site "Klatovy"]
[Date "2023.07.04"]
[Round "4.16"]
[White "Topencik, Bruno"]
[Black "Pirklova, Hana"]
[Result "1/2-1/2"]
[ECO "C06"]
[WhiteElo "1780"]
[BlackElo "2085"]
[PlyCount "45"]
[EventDate "2023.07.01"]
[EventType "swiss"]
[EventRounds "9"]
[EventCountry "CZE"]
[TimeControl "120+30"]

1. e4 e6 2. d4 d5 3. Nd2 Nf6 4. e5 Nfd7 5. Bd3 c5 6. c3 Nc6 7. Ne2 Qb6 8. Nf3 cxd4 9. cxd4 f6 10. exf6 Nxf6 11. O-O Bd6 12. Bf4 Bxf4 13. Nxf4 O-O 14. Re1 Ne4 15. g3 Qxb2 16. Bxe4 dxe4 17. Rxe4 e5 18. Nxe5 Bf5 19. Re2 Qb6 20. Nxc6 bxc6 21. Qb3+ Kh8 22. Qxb6 axb6 23. Rc1 1/2-1/2

[Event "29. Klatovy A 2023"]
[Site "Klatovy"]
[Date "2023.07.04"]
[Round "4.17"]
[White "Novotny, David"]
[Black "Kishore, Kumar Jaganathan"]
[Result "0-1"]
[ECO "D00"]
[WhiteElo "2034"]
[BlackElo "1860"]
[PlyCount "66"]
[EventDate "2023.07.01"]
[EventType "swiss"]
[EventRounds "9"]
[EventCountry "CZE"]
[TimeControl "120+30"]

1. d4 Nf6 2. Nc3 d5 3. Bf4 g6 4. e3 Bg7 5. h4 h5 6. Nf3 O-O 7. Ne5 c5 8. Qd2 cxd4 9. exd4 Nc6 10. O-O-O Bf5 11. f3 Rc8 12. Kb1 Qa5 13. Rg1 Nb4 14. Bd3 Rxc3 15. Qxc3 Qxa2+ 16. Kc1 Qa4 17. Qa3 Na2+ 18. Kd2 Qxd4 19. Be3 Qxe5 20. Bxf5 Qxf5 21. Qxa2 d4 22. Bxd4 Bh6+ 23. Ke1 e5 24. Bc3 e4 25. Rd6 exf3 26. Rxf6 Re8+ 27. Kf2 Be3+ 28. Ke1 f2+ 29. Ke2 fxg1=N+ 30. Kd1 Qd7+ 31. Ke1 Bc5+ 32. Kf1 Qb5+ 33. Qc4 Qxc4# 0-1

[Event "29. Klatovy A 2023"]
[Site "Klatovy"]
[Date "2023.07.04"]
[Round "4.18"]
[White "Honcharov, Makar"]
[Black "Martirosyan, David"]
[Result "1/2-1/2"]
[ECO "C42"]
[WhiteElo "1696"]
[BlackElo "1908"]
[PlyCount "62"]
[EventDate "2023.07.01"]
[EventType "swiss"]
[EventRounds "9"]
[EventCountry "CZE"]
[TimeControl "120+30"]

1. e4 e5 2. Nf3 Nf6 3. d4 Nxe4 4. Nxe5 d6 5. Nf3 d5 6. Bd3 Nc6 7. O-O Be7 8. c4 Nb4 9. Be2 O-O 10. Nc3 Bf5 11. Bf4 a6 12. Nxd5 Nxd5 13. cxd5 Nf6 14. Bc4 Be4 15. Rc1 Bd6 16. Be5 Nxd5 17. Re1 Bxf3 18. Qxf3 Ne7 19. Bxd6 Qxd6 20. Qxb7 Nf5 21. d5 Nd4 22. Bd3 Rab8 23. Qxc7 Qxd5 24. Bc4 Qf5 25. b3 a5 26. Qe5 Qxe5 27. Rxe5 a4 28. Re4 Rfd8 29. Rce1 Nc2 30. Rc1 Nd4 31. Rce1 Nc2 1/2-1/2